 Seeded DCSS version 0.25-a0-547-g27a0b5d (webtiles) character file.

Game seed: 999526953412202978, levelgen mode: deterministic

3037892 araganzar the Slayer (level 27, 271/271 HPs)
             Began as a Centaur Hunter on Feb 20, 2020.
             Was the Champion of Okawaru.
             Escaped with the Orb
             ... and 5 runes on Feb 22, 2020!
             The game lasted 04:51:27 (81741 turns).

araganzar the Slayer (Centaur Hunter)              Turns: 81741, Time: 04:51:27

Health: 271/271    AC: 48    Str: 37    XL:     27
Magic:  47/48      EV: 21    Int: 16    God:    Okawaru [******]
Gold:   4099       SH:  0    Dex: 16    Spells: 26/26 levels left

rFire    + + +     SeeInvis +   a - +9 longbow (flame)
rCold    + + .     Gourm    .   (shield currently unavailable)
rNeg     + + +     Faith    .   H - +10 chain mail of Safow {rElec rN+++ MP+9 Dex-4}
rPois    +         Spirit   +   Q - +2 helmet "Neru" {MR+ rCorr}
rElec    +         Reflect  .   t - +2 cloak of the Wheelwright {Str+4 Int+4 Dex+4}
rCorr    +         Harm     .   S - +0 pair of fencer's gloves {Riposte Dex+3}
MR       +++++                  M - +4 centaur barding {rF+}
Stlth    +.........             J - amulet of the Invisible Beds {Spirit *Corrode rF++ MR+ Slay+3}
HPRegen  0.55/turn              k - ring "Feleazaz" {rC+ rN+ Str+3 SInv}
MPRegen  0.31/turn              F - ring "Nearr" {+Blink rElec rPois MR+ Stlth+}

@: mighty, resistant, heroism, studying Necromancy, very quick
A: large, hooves 3, clever 1, clumsy 1, deformed body, deterioration 1, speed 2,
high mp 1, screaming 2, strong 1, tough skin 3, wild magic 2
0: Orb of Zot
}: 5/15 runes: decaying, serpentine, slimy, silver, abyssal
a: Heroism, Finesse, Renounce Religion, Evoke Blink


You escaped.
You worshipped Okawaru.
Okawaru was exalted by your worship.
You were not hungry.

You visited 12 branches of the dungeon, and saw 58 of its levels.
You visited the Abyss 2 times.
You also visited: Trove, Bailey, Gauntlet, Ice Cave, Volcano and Wizlab.

You collected 10545 gold pieces.
You spent 6446 gold pieces at shops.


Innate Abilities, Weirdness & Mutations

You have hooves in place of feet.
Armour fits poorly on your strangely shaped body.
You cover ground very quickly.
You have extremely tough skin. (AC +3)
Your mind is acute. (Int +2)
You are clumsy. (Dex -2)
Your body sometimes deteriorates upon taking damage.
You have an increased reservoir of magic. (+10% MP)
You sometimes yell uncontrollably at your foes.
Your muscles are strong. (Str +2)
Your spells are harder to cast, but more powerful.


   Skills:
 + Level 26.8(27) Fighting
 - Level 19.5(25.0) Axes
   Level 7.1(21.2) Maces & Flails
   Level 3.2(20.3) Polearms
   Level 12.2(18.1) Staves
 - Level 20.0(25.0) Bows
 - Level 7.8(12.8) Throwing
 - Level 19.0(24.0) Armour
 - Level 19.0(24.0) Dodging
 - Level 1.1(6.1) Stealth
 - Level 9.0 Invocations
 - Level 18.2 Evocations


You had 26 spell levels left.
You didn't know any spells.
Your spell library contained the following spells:

 Spells                   Type           Power        Failure   Level  Hunger
 Animate Skeleton         Necr           N/A          61%         1    ##.....
 Apportation              Tloc           #.....       61%         1    ##.....
 Beastly Appendage        Tmut           #.....       61%         1    ##.....
 Corona                   Hex            #......      61%         1    ##.....
 Foxfire                  Conj/Fire      #...         61%         1    ##.....
 Freeze                   Ice            #...         61%         1    ##.....
 Infusion                 Chrm           #...         61%         1    ##.....
 Magic Dart               Conj           #...         61%         1    ##.....
 Pain                     Necr           #...         61%         1    ##.....
 Sandblast                Erth           #.....       61%         1    ##.....
 Shock                    Conj/Air       #...         61%         1    ##.....
 Sting                    Tmut/Pois      #...         61%         1    ##.....
 Summon Butterflies       Summ           #.......     61%         1    ##.....
 Summon Small Mammal      Summ           #...         61%         1    ##.....
 Blink                    Tloc           N/A          75%         2    ###....
 Corpse Rot               Necr/Air       N/A          75%         2    ###....
 Ensorcelled Hibernation  Hex/Ice        #.....       75%         2    ###....
 Passwall                 Tmut/Erth      #.......     75%         2    ###....
 Poisonous Vapours        Pois/Air       #.....       75%         2    ###....
 Searing Ray              Conj           #.....       75%         2    ###....
 Shroud of Golubria       Chrm/Tloc      #.....       75%         2    ###....
 Slow                     Hex            #.......     75%         2    ###....
 Song of Slaying          Chrm           #.......     75%         2    ###....
 Sticks to Snakes         Tmut           #.......     75%         2    ###....
 Sublimation of Blood     Necr           #.........   75%         2    ###....
 Swiftness                Chrm/Air       #.......     75%         2    ###....
 Call Canine Familiar     Summ           #.......     91%         3    ####...
 Confusing Touch          Hex            #.......     91%         3    ####...
 Conjure Flame            Conj/Fire      #.......     91%         3    ####...
 Dazzling Flash           Conj/Hex       #.....       91%         3    ####...
 Frozen Ramparts          Ice            #.....       91%         3    ####...
 Gell's Gravitas          Tloc           #.........   91%         3    ####...
 Ignite Poison            Fire/Tmut/Pois #.......     91%         3    ####...
 Inner Flame              Hex/Fire       #.......     91%         3    ####...
 Lesser Beckoning         Tloc           #.........   91%         3    ####...
 Mephitic Cloud           Conj/Pois/Air  #.......     91%         3    ####...
 Ozocubu's Armour         Chrm/Ice       #.......     91%         3    ####...
 Portal Projectile        Hex/Tloc       #.....       91%         3    ####...
 Recall                   Summ/Tloc      N/A          91%         3    ####...
 Spectral Weapon          Hex/Chrm       #.......     91%         3    ####...
 Spider Form              Tmut/Pois      #.........   91%         3    ####...
 Static Discharge         Conj/Air       #.......     91%         3    ####...
 Stone Arrow              Conj/Erth      #.....       91%         3    ####...
 Teleport Other           Tloc           #.......     91%         3    ####...
 Tukima's Dance           Hex            #.......     91%         3    ####...
 Vampiric Draining        Necr           #.........   91%         3    ####...
 Airstrike                Air            #.........   100%        4    #####..
 Animate Dead             Necr           N/A          100%        4    #####..
 Cause Fear               Hex            #.........   100%        4    #####..
 Dispel Undead            Necr           #.......     100%        4    #####..
 Fulminant Prism          Conj/Hex       #.........   100%        4    #####..
 Hailstorm                Conj/Ice       #.......     100%        4    #####..
 Ice Form                 Ice/Tmut       #.......     100%        4    #####..
 Iskenderun's Mystic Bla  Conj/Tloc      #.......     100%        4    #####..
 Leda's Liquefaction      Hex/Erth       #.........   100%        4    #####..
 Olgreb's Toxic Radiance  Pois           #.......     100%        4    #####..
 Petrify                  Tmut/Erth      #.......     100%        4    #####..
 Sticky Flame             Conj/Fire      #.......     100%        4    #####..
 Summon Ice Beast         Ice/Summ       #.......     100%        4    #####..
 Summon Lightning Spire   Summ/Air       #.......     100%        4    #####..
 Agony                    Necr           #.......     100%        5    ######.
 Alistair's Intoxication  Tmut/Pois      #.......     100%        5    ######.
 Aura of Abjuration       Summ           #.........   100%        5    ######.
 Blade Hands              Tmut           #.........   100%        5    ######.
 Bolt of Magma            Conj/Fire/Erth #.........   100%        5    ######.
 Borgnjor's Vile Clutch   Necr/Erth      #.........   100%        5    ######.
 Excruciating Wounds      Chrm/Necr      #.........   100%        5    ######.
 Fireball                 Conj/Fire      #.........   100%        5    ######.
 Irradiate                Conj/Tmut      #.........   100%        5    ######.
 Lee's Rapid Deconstruct  Erth           #.........   100%        5    ######.
 Lightning Bolt           Conj/Air       #.........   100%        5    ######.
 Metabolic Englaciation   Hex/Ice        #.........   100%        5    ######.
 Silence                  Hex/Air        #.........   100%        5    ######.
 Summon Demon             Summ           #.........   100%        5    ######.
 Summon Forest            Summ/Tloc      #.........   100%        5    ######.
 Summon Mana Viper        Hex/Summ       #.......     100%        5    ######.
 Yara's Violent Unravell  Hex/Tmut       #.........   100%        5    ######.
 Conjure Ball Lightning   Conj/Air       #.........   100%        6    #######
 Death Channel            Necr           #.........   100%        6    #######
 Deflect Missiles         Chrm/Air       #.........   100%        6    #######
 Dispersal                Tloc           #.........   100%        6    #######
 Freezing Cloud           Conj/Ice/Air   #.........   100%        6    #######
 Hydra Form               Tmut           #.........   100%        6    #######
 Iron Shot                Conj/Erth      #.........   100%        6    #######
 Shadow Creatures         Summ           N/A          100%        6    #######
 Simulacrum               Ice/Necr       #.........   100%        6    #######
 Starburst                Conj/Fire      #.........   100%        6    #######
 Statue Form              Tmut/Erth      #........    100%        6    #######
 Dragon Form              Tmut           #.........   100%        7    #######
 Malign Gateway           Summ/Tloc      #.........   100%        7    #######
 Monstrous Menagerie      Summ           #.........   100%        7    #######
 Ring of Flames           Chrm/Fire      #.........   100%        7    #######
 Summon Greater Demon     Summ           #.........   100%        7    #######
 Summon Hydra             Summ           #.........   100%        7    #######
 Controlled Blink         Tloc           N/A          100%        8    #######
 Disjunction              Tloc           #.........   100%        8    #######
 Ignition                 Fire           #.........   100%        8    #######
 Summon Horrible Things   Summ           #.........   100%        8    #######
 Shatter                  Erth           #.........   100%        9    #######
 Tornado                  Air            #.........   100%        9    #######
 Passage of Golubria      Tloc           Unusable     N/A         4    N/A

Inventory:

Hand Weapons
 a - a +9 longbow of flaming (weapon)
   (You found it in a volcano)
 b - a +9 vampiric battleaxe {mi toof}
   (You subdued it on level 1 of the Elven Halls)
Missiles
 d - 2184 arrows (quivered)
 p - 10 throwing nets {=f, !d}
 A - 8 silver javelins
Armour
 t - the +2 cloak of the Wheelwright (worn) {Str+4 Int+4 Dex+4}
   (You found it on level 3 of the Vaults)

   It affects your strength (+4).
   It affects your intelligence (+4).
   It affects your dexterity (+4).
   If you remove this armour, your AC will decrease by 4 (48 -> 44).
 x - the +2 pair of gloves of Elitism {+Fly rPois Str+4 Dex+2}
   (You bought it in a shop on level 1 of the Elven Halls)

   It affects your strength (+4).
   It affects your dexterity (+2).
   It protects you from poison.
   It lets you fly.
   If you switch to wearing this armour, your AC will increase by 2 (48 -> 50).
 H - the +10 chain mail of Safow (worn) {rElec rN+++ MP+9 Dex-4}
   (Okawaru gifted it to you on level 2 of the Crypt)

   It affects your dexterity (-4).
   It insulates you from electricity.
   It renders you almost immune to negative energy.
   It affects your magic capacity (+9).
   If you remove this armour, your AC will decrease by 23 (48 -> 25).
 M - a +4 centaur barding of fire resistance (worn)
   (Okawaru gifted it to you on level 4 of the Depths)
 Q - the +2 helmet "Neru" (worn) {MR+ rCorr}
   (You found it on level 3 of the Vaults)

   It affects your resistance to hostile enchantments.
   It provides partial protection from all sources of acid and corrosion.
   If you remove this armour, your AC will decrease by 4 (48 -> 44).
 S - the +0 pair of fencer's gloves (worn) {Riposte Dex+3}
   (You found it in a Gauntlet)

   It affects your dexterity (+3).
   If you remove this armour, your AC will decrease by 2 (48 -> 46).
Jewellery
 c - an uncursed ring of protection from cold {rC+, !d}
   (You found it on level 3 of the Snake Pit)
 k - the ring "Feleazaz" (left hand) {rC+ rN+ Str+3 SInv}
   (You bought it in a shop on level 3 of the Depths)

   [ring of protection from cold]

   It affects your strength (+3).
   It protects you from cold.
   It protects you from negative energy.
   It lets you see invisible.
 F - the ring "Nearr" (right hand) {+Blink rElec rPois MR+ Stlth+}
   (You bought it in a shop on level 3 of the Elven Halls)

   [ring of protection from magic]

   It insulates you from electricity.
   It protects you from poison.
   It affects your resistance to hostile enchantments.
   It lets you blink.
   It makes you more stealthy.
 J - the amulet of the Invisible Beds (around neck) {Spirit *Corrode rF++ MR+ Slay+3}
   (You bought it in a shop on level 3 of the Depths)

   [amulet of guardian spirit]

   It causes incoming damage to be split between your health and magic.
   It affects your accuracy and damage with ranged weapons and melee attacks
   (+3).
   It greatly protects you from fire.
   It affects your resistance to hostile enchantments.
   It may corrode you when you take damage.
 P - an uncursed amulet of regeneration {+regen, !d}
   (You took it off a vault warden on level 5 of the Vaults)
Wands
 j - a wand of scattershot (8)
   (You found it on level 3 of the Lair of Beasts)
 G - a wand of digging (27)
   (You found it on level 11 of the Dungeon)
 L - a wand of acid (24)
   (You found it on level 2 of the Snake Pit)
Scrolls
 e - 11 scrolls of blinking {!r}
 m - 31 scrolls of teleportation
 r - a scroll of magic mapping {!r}
 u - 17 scrolls of remove curse
 v - 2 scrolls of brand weapon
 z - 11 scrolls of summoning
 B - 11 scrolls of fog
 N - a scroll of silence
 R - a scroll of enchant armour
 U - 29 scrolls of identify
 W - 5 scrolls of fear
Potions
 g - 8 potions of haste
 l - 2 potions of resistance
 n - 11 potions of lignification {!q}
 o - 5 potions of might
 q - 16 potions of curing
 s - 12 potions of mutation {!q}
 C - 6 potions of cancellation
 D - 13 potions of heal wounds
 E - 2 potions of magic
Books
 w - a manual of Necromancy {!d}
   (You acquired it on level 2 of the Realm of Zot)
Miscellaneous
 y - a fan of gales
   (You found it in a treasure trove)
 I - a lamp of fire
   (You found it on level 13 of the Dungeon)
 K - 2 phantom mirrors
 O - a sack of spiders
 V - 2 boxes of beasts
 Y - a phial of floods
   (You found it on level 5 of the Vaults)
Comestibles
 f - 89 rations

# ######################## #
#....................... #
#.###....#############.. # #.#
#.(......).....# #.. # #.#
#............#.# #.. ###
#.###....#########.###[. ..#
####.......[............... ..#
#................#......... ..#
#.##..##>#@#..##.#)#.....#. ..#
#.....######...((..........
..#####.##.## ##.##..)......#.
((......>### ###........###.
†.......##.## ##.##...(...+...
............######...........###.
........##..#.#>##..##...........
........................########.
..).....................# #.


There were no monsters in sight!


Message History

Aim: a neqoxec You shoot an arrow.
The arrow hits the neqoxec!!
The arrow burns the neqoxec!
You kill the neqoxec!
Okawaru accepts your kill.
No target in view!
No target in view!
No target in view!
(D) Dungeon (T) Temple (L) Lair (S) Swamp (P) Snake Pit (M) Slime Pits (O) Orcish Mines (E) Elven Halls (V) Vaults (C) Crypt (W) Tomb (U) Depths (H) Hell (Z) Zot
Where to? (Enter - D:1 @ (x,y), ? - help)
A great orb of eyes comes into view.
Firing (i - inventory. (/) - cycle)
d - 2186 arrows (quivered)
Aim: a great orb of eyes You shoot an arrow.
The arrow hits the great orb of eyes!!!
The arrow burns the great orb of eyes!
Firing (i - inventory. (/) - cycle)
d - 2185 arrows (quivered)
Aim: a great orb of eyes (severely wounded)
You shoot an arrow. The arrow hits the great orb of eyes!!!
The arrow burns the great orb of eyes.
You kill the great orb of eyes!
Okawaru accepts your kill.
No target in view!
You gain the combat prowess of a mighty hero.
You now have 46/48 mp.
There is a staircase leading out of the dungeon here.
You feel very mighty all of a sudden.
You feel protected.
You have escaped!

Action                   |  1- 3 |  4- 6 |  7- 9 | 10-12 | 13-15 | 16-18 | 19-21 | 22-24 | 25-27 || total
-------------------------+-------+-------+-------+-------+-------+-------+-------+-------+-------++-------
Melee: Short sword       |   103 |   154 |       |       |       |       |       |       |       ||   257
       Kick              |    21 |    27 |    55 |   257 |   229 |    19 |   115 |   467 |  1387 ||  2577
       Trident           |       |    21 |       |       |       |       |       |       |       ||    21
       Flail             |       |       |   164 |   370 |       |       |       |       |       ||   534
       Whip              |       |       |     4 |    86 |       |       |       |       |       ||    90
       Punch             |       |       |       |     5 |     2 |       |       |       |       ||     7
       Shortbow          |       |       |       |     1 |       |       |       |       |       ||     1
       Unarmed           |       |       |       |     5 |       |       |       |       |       ||     5
       Demon whip        |       |       |       |   158 |   191 |       |       |       |       ||   349
       Battleaxe         |       |       |       |       |   303 |    35 |    89 |  1174 |  2470 ||  4071
       Halberd           |       |       |       |       |       |    13 |       |       |       ||    13
       Lajatang          |       |       |       |       |       |       |   124 |       |       ||   124
 Fire: Shortbow          |    11 |    66 |   154 |   681 |    77 |       |       |       |       ||   989
       Longbow           |       |       |       |       |   809 |   799 |  1751 |   455 |   772 ||  4586
Throw: Boomerang         |       |       |       |     1 |       |       |       |       |       ||     1
Invok: Heroism           |       |       |       |    18 |     9 |     8 |    15 |    14 |    48 ||   112
       Finesse           |       |       |       |     1 |     3 |       |     3 |     4 |    13 ||    24
 Abil: Evoke Flight      |       |       |       |       |       |       |       |       |     1 ||     1
Evoke: Wand              |       |       |       |       |     4 |       |     1 |     4 |    15 ||    24
       Box of beasts     |       |       |       |       |       |       |       |       |     3 ||     3
       Sack of spiders   |       |       |       |       |       |       |       |       |     1 ||     1
  Use: Scroll            |       |    10 |     8 |     5 |    18 |     8 |     7 |     3 |    34 ||    93
       Potion            |       |       |     1 |     1 |     1 |     2 |     1 |     3 |    28 ||    37
 Stab: Sleeping          |       |       |       |       |       |       |       |     5 |       ||     5
       Distracted        |       |       |       |       |       |       |       |     1 |     3 ||     4
  Eat: Chunk             |       |     7 |     8 |    14 |    25 |     7 |    11 |    23 |    15 ||   110
       Ration            |       |       |     3 |     5 |     2 |     3 |     7 |     2 |    12 ||    34
Armor: Leather armour    |    64 |    70 |     3 |       |       |       |       |       |       ||   137
       Chain mail        |       |       |   164 |   598 |   488 |   114 |       |       |  1643 ||  3007
       Swamp dragon scal |       |       |       |       |       |   104 |   331 |   744 |    45 ||  1224
       Scale mail        |       |       |       |       |       |       |     4 |       |       ||     4
Dodge: Dodged            |    54 |   101 |    44 |   323 |   297 |   136 |   380 |   742 |  1423 ||  3500
       Rpst.: Longbow    |       |       |       |       |    14 |    16 |    42 |     4 |     2 ||    78
       Battleaxe         |       |       |       |       |     6 |     2 |     9 |    78 |    69 ||   164
       Halberd           |       |       |       |       |       |     2 |       |       |       ||     2
       Lajatang          |       |       |       |       |       |       |    19 |       |       ||    19

Levels and vault maps discovered:
D:1:      onia_arrival_handbag, layout_basic
D:2:      layout_loops_corners, first_ration
D:3:      minmay_roachtagon, layout_basic, chequers_ecumenical_altar_island,
          kennysheep_generic_room_13
D:4:      layout_loops_cross, zin_angel, ebering_ghost_reflecting_pool,
          columned_hall_lemuel, uniq_pikel
D:5:      layout_loops_ring, fedhas_bush_and_centaur_altar, old_standard_altar,
          feat_on_display, uniq_edmund, uniq_menkaure, uniq_blork_the_orc,
          uniq_crazy_yiuf_cottage
D:6:      layout_loops_ring, nicolae_dithmenos_through_a_glass_darkly,
          minmay_temple_entry_slanted
D:7:      cheibrodos_wizards_tower, layout_basic, tgw_sif, minitemple,
          nicolae_overflow_hidden_temple, ebering_ghost_disaster_area,
          minmay_misc_feat_secret_circle
D:8:      kennysheep_big_flooded_room, layout_rooms,
          hangedman_little_slice_of_home, minivault_29
D:9:      gammafunk_sealed_arena, layout_loops_ring,
          grunt_temple_overflow_lords_of_destruction, lair_entry_dummy,
          gammafunk_ghost_nasty_kobolds, special_room [special_room_bee],
          bh_walls_and_bars
D:10:     layout_big_octagon, minmay_orc_entry_temple_small,
          minmay_tree_intersection, laboratory, uniq_fannar
D:11:     layout_cave_pools, nicolae_trove_entry_crystal,
          minmay_misc_feat_columns, uniq_urug, uniq_gastronok
D:12:     layout_loops_ring, gauntlet_entry_generic
D:13:     layout_roguey, special_room [special_room_orc],
          kennysheep_generic_room_2, uniq_sonja, uniq_azrael, uniq_snorg
D:14:     layout_loops_corners, david_vaults_2, serial_park_gazebo
          [serial_park_minivault_5x5_1], lemuel_mausoleum_altar_kikubaaqudgha
D:15:     grunt_enter_depths_hoard, layout_grid_maze, serial_glass,
          glass_columns_b, glass_columns_a, glass_columns_c, glass_columns_c,
          glass_columns_b, glass_columns_a, glass_columns_a, glass_columns_b,
          due_unseen_surprise, minmay_strange_pillars, feat_on_display,
          kennysheep_pointless_box, chequers_mini_garden, roderic_roman_lattice
Temple:   corrupted_temple
Lair:1:   layout_cave_pods, serial_bayou_pond_b
Lair:2:   layout_regular_city, minmay_swamp_entry_reptiles,
          minmay_snake_entry_guardpost_small, portal_ice_cave_rime,
          infiniplex_staircase_pool, lemuel_fruit_fields, uniq_erica
Lair:3:   layout_chaotic_city, nicolae_volcano_entry_hallway,
          grunt_megastairs_3, serial_bayou_shore_a, minmay_lair_oklob_chamber,
          uniq_nergalle
Lair:4:   layout_loops_ring
Lair:5:   layout_regular_city, basic_altar
Lair:6:   evilmike_catoblepas_cave, layout_gridlike,
          minmay_slime_entry_jelly_boxes, worms_lemuel
Swamp:1:  layout_basic_swamp, infiniplex_staircase_pool_2
Swamp:2:  layout_basic_swamp, nicolae_swamp_round_clearing
Swamp:3:  layout_falls_marsh, evilmike_swamp_ruin_house_6, uniq_roxanne,
          uniq_kirke
Swamp:4:  swamp_icy, layout_basic_swamp, uniq_nikola
Snake:1:  layout_grid_maze
Snake:2:  layout_grid_maze, minmay_shop_star, grunt_megastairs_2, uniq_vashnia
Snake:3:  layout_rooms, special_room, uniq_aizul
Snake:4:  grunt_snake_rune_pools, layout_basic
Slime:1:  layout_caves, cheibrodos_slime_lost_civilization_6
Slime:2:  layout_caves
Slime:3:  layout_caves, basic_altar
Slime:4:  nicolae_slime_jelly_donut, layout_caves, uniq_dissolution
Slime:5
Orc:1:    layout_caves, basic_altar, enter_bailey_3, mines4_lemuel
Orc:2:    st_orc_rangers, layout_caves
Elf:1:    eino_elf_arrival_shootout, layout_loops_cross, minmay_shoptagon,
          uniq_donald, uniq_frances
Elf:2:    layout_gridlike, serial_shops, shop
Elf:3:    elf_hall_gauntlet_wide, layout_geoelf_castle, serial_shops,
          nicolae_shop_waterfront, nicolae_shop_trees, shop_fountains,
          nicolae_shop_waterfront, shop, st_stairs_6
Vaults:1: vaults_room_large_hall, v_misc_13, ontoclasm_vaults_eye,
          st_spiral_rooms, ontoclasm_vaults_fault, grunt_vaults_twisty,
          vaults_dpeg_encased_lava, v_rooms_2, v_pattern_4, vaults_dpeg_spiral,
          v_misc_25, v_alt_pattern_6, vaults_room_mumra_shop_pool,
          layout_vaults_omnibox
Vaults:2: vaults_room_stairs_pillars, v_misc_3, v_pattern_3, v_misc_15,
          v_misc_11, nicolae_vaults_little_ls, nicolae_vaults_c_with_doors,
          v_misc_25, nicolae_vaults_yaktaur_gun_rack, layout_vaults_omnigrid,
          uniq_margery
Vaults:3: gammafunk_vaults_ghost_cemetery, minmay_crypt_entry_simple_statues,
          hangedman_vaults_snaps, vaults_standard_mumra_lines,
          hangedman_vaults_stream, nicolae_vaults_murderbox, v_misc_9,
          layout_vaults_chaotic_city
Vaults:4: ontoclasm_vaults_loading_screen, serial_ice_g, kb_rosetta,
          ontoclasm_vaults_decontamination, v_misc_33,
          hangedman_vaults_river_flow, v_misc_33,
          nicolae_vaults_little_squares_4, v_misc_12, nicolae_vaults_alarming,
          hangedman_vaults_maws, nicolae_vaults_bisected_slash,
          layout_vaults_ring
Vaults:5: serial_shops
Crypt:1:  layout_misc_corridors, infiniplex_enter_wizlab_glasses,
          nicolae_crypt_ancient_font, grunt_crypt_arrival_webbed, uniq_jory
Crypt:2:  grunt_deathspiral_small, layout_chaotic_city, minivault_11,
          grunt_ministairs_7
Crypt:3:  grunt_crypt_end_deaths_head
Depths:1: layout_cave_pools, serial_co_window_serial, co_window_corner_a,
          co_window_paths_b, co_window_paths_b, co_window_corner_a,
          co_window_paths_b, co_window_broadway_a, co_window_corner_b,
          co_window_broadway_b, co_window_broadway_a,
          co_window_of_opportunity_c, co_window_of_opportunity_b,
          co_window_corner_b, co_window_paths_e, hell_entry, st_stairs_7,
          nemelex_diamond_rough_becter
Depths:2: hangedman_spin_cycle, hell_entry
Depths:3: evilmike_makhleb_hellhole, layout_cave_pools, grunt_hell_entry_dis_mu,
          nrook_pool_corridor, rand_demon_pan_entry_4, minmay_shop_grove,
          uniq_mennas
Depths:4: minmay_bloctagon, layout_basic, marbit_kobold_abyss_entry, hell_entry,
          minmay_misc_feat_x, uniq_boris, uniq_mara
Depths:5: grunt_zot_entry_gee_three, layout_gridville, enter_ziggurat_d,
          lightli_too_deep, hangedman_decor_peaks_small, rand_demon_pan_entry_5
Zot:1:    kennysheep_blocky_hall, layout_onion_interference, lemuel_lich_library
Zot:2:    layout_concentric_octagons
Zot:3:    layout_basic
Zot:4:    lemuel_halls_of_wrath, layout_twisted_circle
Zot:5:    layout_basic, hangedman_zot_decor_slant

Notes
Turn   | Place    | Note
-------+----------+-------------------------------------------
     0 | D:1      | araganzar the Centaur Hunter began the quest for the Orb.
     0 | D:1      | Reached XP level 1. HP: 17/17 MP: 1/1
   207 | D:1      | Reached XP level 2. HP: 24/24 MP: 2/2
   324 | D:1      | Reached skill level 1 in Stealth
   359 | D:1      | Reached XP level 3. HP: 30/30 MP: 3/3
  1242 | D:2      | Reached skill level 3 in Fighting
  1244 | D:2      | Reached XP level 4. HP: 32/38 MP: 4/4
  1423 | D:2      | Reached skill level 6 in Bows
  2084 | D:3      | Found a faded altar of an unknown god.
  2198 | D:3      | Reached XP level 5. HP: 21/46 MP: 5/5
  2240 | D:3      | Reached skill level 4 in Fighting
  2916 | D:3      | Noticed a sky beast
  2975 | D:3      | Killed a sky beast
  2975 | D:3      | Reached skill level 1 in Axes
  2975 | D:3      | Reached XP level 6. HP: 47/53 MP: 6/6
  3480 | D:4      | Found a runed translucent door.
  3517 | D:4      | Found a glowing silver altar of Zin.
  3518 | D:4      | Noticed an angel
  3590 | D:4      | Reached skill level 7 in Bows
  3802 | D:4      | Noticed Pikel
  3802 | D:4      | Noticed a slave
  3864 | D:4      | Killed Pikel
  3864 | D:4      | Reached skill level 5 in Fighting
  3864 | D:4      | Reached skill level 2 in Polearms
  3864 | D:4      | Reached skill level 8 in Bows
  3864 | D:4      | Reached XP level 7. HP: 44/61 MP: 7/7
  4272 | D:4      | Noticed plsesad's ghost (amateur BaHu)
  4317 | D:5      | Entered Level 5 of the Dungeon
  4359 | D:5      | Noticed Edmund
  4383 | D:5      | Killed Edmund
  4383 | D:5      | Reached skill level 3 in Polearms
  4582 | D:5      | Noticed Blork the orc
  4597 | D:5      | Killed Blork the orc
  4617 | D:5      | Got a faintly glowing chain mail
  4629 | D:5      | Identified the +6 chain mail of Yrinahi {-Tele rPois MP+9
                  | Dex+5} (You found it on level 5 of the Dungeon)
  4697 | D:5      | Found a sacrificial altar of Ru.
  4720 | D:5      | Reached XP level 8. HP: 59/70 MP: 8/8
  4722 | D:5      | Noticed Menkaure
  4727 | D:5      | Killed Menkaure
  4727 | D:5      | Reached skill level 2 in Axes
  4727 | D:5      | Reached skill level 1 in Armour
  4895 | D:5      | Found a runed translucent door.
  4896 | D:5      | Noticed Crazy Yiuf
  4960 | D:5      | Reached skill level 9 in Bows
  4990 | D:5      | Found a blossoming altar of Fedhas.
  5101 | D:5      | Killed Crazy Yiuf
  5101 | D:5      | Reached skill level 2 in Armour
  5296 | D:5      | You fall into a shaft and drop 2 floors!
  5296 | D:7      | Found an opulent altar of Gozag.
  5468 | D:7      | Noticed Jessica
  5474 | D:7      | Found a shimmering blue altar of Sif Muna.
  5624 | D:7      | Found a shimmering altar of Xom.
  6009 | D:6      | Reached skill level 3 in Axes
  6009 | D:6      | Reached skill level 3 in Armour
  6041 | D:6      | Found a shadowy altar of Dithmenos.
  6352 | D:6      | Found a staircase to the Ecumenical Temple.
  6360 | Temple   | Entered the Ecumenical Temple
  6396 | Temple   | Became a worshipper of Warmaster Okawaru
  6624 | D:7      | Reached XP level 9. HP: 55/75 MP: 9/9
  6641 | D:7      | Found a large runed translucent door.
  6641 | D:7      | Found a large runed translucent door.
  6644 | D:7      | Noticed GummyLegsOfficial's ghost (novice CeHu)
  6675 | D:7      | Noticed an orc sorcerer
  6695 | D:7      | Noticed an ice devil
  6695 | D:7      | Paralysed by an orc sorcerer for 4 turns
  6705 | D:7      | Noticed a soul eater
  6707 | D:7      | Killed an orc sorcerer
  6707 | D:7      | Reached skill level 4 in Axes
  6707 | D:7      | Reached skill level 10 in Bows
  6707 | D:7      | Reached skill level 4 in Armour
  7239 | D:7      | Found a glowing golden altar of the Shining One.
  7241 | D:7      | Found a white marble altar of Elyvilon.
  7241 | D:7      | Found a snail-covered altar of Cheibriados.
  7241 | D:7      | Found a basalt altar of Yredelemnul.
  7241 | D:7      | Found a shattered altar of Ashenzari.
  7552 | D:8      | Reached * piety under Okawaru
  7554 | D:8      | Reached skill level 5 in Axes
  7655 | D:8      | Reached skill level 11 in Bows
  7669 | D:8      | Noticed a two-headed ogre
  7779 | D:8      | Killed a two-headed ogre
  7779 | D:8      | Reached ** piety under Okawaru
  7779 | D:8      | Reached skill level 6 in Axes
  7971 | D:8      | Reached skill level 12 in Bows
  7971 | D:8      | Reached XP level 10. HP: 83/83 MP: 10/10
  7994 | D:8      | Noticed a two-headed ogre
  8004 | D:8      | Killed a two-headed ogre
  8144 | D:8      | Reached skill level 7 in Axes
  8308 | D:8      | Noticed a queen ant
  8412 | D:7      | Killed a queen ant
  8412 | D:7      | Reached *** piety under Okawaru
  8412 | D:7      | Reached skill level 13 in Bows
  8713 | D:8      | Received a gift from Okawaru
  8713 | D:8      | Reached skill level 8 in Axes
  9399 | D:8      | Reached skill level 6 in Fighting
  9399 | D:8      | Reached skill level 2 in Dodging
  9403 | D:8      | Reached skill level 1 in Invocations
  9892 | D:8      | Reached **** piety under Okawaru
  9892 | D:8      | Received a gift from Okawaru
  9892 | D:8      | Reached skill level 2 in Invocations
  9927 | D:8      | Reached XP level 11. HP: 64/89 MP: 12/12
 10203 | D:9      | Found a staircase to the Lair.
 10253 | D:9      | Reached skill level 3 in Invocations
 10502 | D:9      | Got a heavily runed scale mail
 10516 | D:9      | Identified the +1 scale mail of the Moneychanger {-Tele
                  | Regen+ Str+7 Stlth+} (You found it on level 9 of the
                  | Dungeon)
 10535 | D:9      | Found a runed translucent gate.
 10535 | D:9      | Identified the +4 whip of Dim Light {drain, Str+3 Dex+4}
 10872 | D:9      | Noticed a stone giant
 10874 | D:9      | Found a transporter.
 10874 | D:9      | Noticed an orange crystal statue
 10874 | D:9      | Noticed a fire giant
 10904 | D:9      | Found a transporter.
 10987 | D:9      | Received a gift from Okawaru
 11031 | D:9      | Reached skill level 3 in Dodging
 11543 | D:9      | Reached skill level 5 in Armour
 11608 | D:9      | Found a runed translucent gate.
 11608 | D:9      | Found a runed translucent gate.
 11611 | D:9      | Noticed jlumianski's ghost (journeyman KoBe)
 11625 | D:9      | Reached skill level 7 in Fighting
 11625 | D:9      | Reached skill level 9 in Axes
 11808 | D:9      | Received a gift from Okawaru
 12337 | D:9      | Found a burning altar of Makhleb.
 12337 | D:9      | Found a radiant altar of Vehumet.
 12395 | D:10     | Entered Level 10 of the Dungeon
 12433 | D:10     | Received a gift from Okawaru
 12433 | D:10     | Reached skill level 14 in Bows
 12839 | D:10     | Found a staircase to the Orcish Mines.
 12894 | D:10     | Identified the amulet "Ipoheedi" {+Rage rC+ Str+7 Dex-3}
 12919 | D:10     | Reached skill level 15 in Bows
 13066 | D:10     | Noticed Fannar
 13066 | D:10     | Noticed a wizard
 13137 | D:10     | Cast into level 2 of the Abyss (a wizard)
 13163 | D:10     | Escaped the Abyss
 13164 | D:10     | Killed a wizard
 13164 | D:10     | Reached ***** piety under Okawaru
 13289 | D:10     | Found a roughly hewn altar of Beogh.
 13300 | D:10     | Reached skill level 16 in Bows
 13477 | D:10     | Noticed a large abomination
 13518 | D:10     | Killed a large abomination
 13518 | D:10     | Received a gift from Okawaru
 13518 | D:10     | Reached skill level 17 in Bows
 14268 | D:10     | Noticed a large abomination
 14284 | D:10     | Killed a large abomination
 14284 | D:10     | Received a gift from Okawaru
 14284 | D:10     | Reached XP level 12. HP: 80/100 MP: 14/14
 14357 | D:11     | Noticed Urug
 14387 | D:11     | Noticed a two-headed ogre
 14403 | D:11     | Killed a two-headed ogre
 14403 | D:11     | Reached skill level 18 in Bows
 14582 | Lair:1   | Entered Level 1 of the Lair of Beasts
 14931 | Lair:1   | Received a gift from Okawaru
 14931 | Lair:1   | Reached skill level 19 in Bows
 15239 | D:9      | Reached skill level 1 in Maces & Flails
 15388 | Lair:1   | Reached skill level 2 in Maces & Flails
 15747 | Lair:1   | Reached skill level 3 in Maces & Flails
 16051 | Lair:1   | Reached skill level 4 in Maces & Flails
 16116 | Lair:1   | Reached skill level 5 in Maces & Flails
 16856 | Lair:2   | Reached ****** piety under Okawaru
 16880 | Lair:1   | Received a gift from Okawaru
 16880 | Lair:1   | Reached skill level 4 in Dodging
 16985 | Lair:2   | Received a gift from Okawaru
 16991 | Lair:2   | Reached skill level 6 in Maces & Flails
 17027 | Lair:2   | Reached skill level 8 in Fighting
 17054 | Lair:2   | Reached XP level 13. HP: 37/107 MP: 15/15
 17076 | Lair:2   | Reached skill level 6 in Armour
 17221 | Lair:2   | Found a frozen archway.
 17231 | IceCv    | Entered an ice cave
 17324 | IceCv    | Received a gift from Okawaru
 17824 | IceCv    | Received a gift from Okawaru
 17945 | IceCv    | Reached skill level 5 in Dodging
 17999 | IceCv    | Noticed a frost giant
 18047 | IceCv    | Killed a frost giant
 18047 | IceCv    | Received a gift from Okawaru
 18047 | IceCv    | Reached skill level 7 in Maces & Flails
 18131 | IceCv    | Got a fine battleaxe
 18132 | IceCv    | Identified the cursed +1 battleaxe of the New World
                  | {freeze, rPois Int+4} (You found it in an ice cave)
 18360 | Lair:2   | Received a gift from Okawaru
 18371 | Lair:2   | Reached skill level 9 in Fighting
 18375 | Lair:2   | Reached skill level 4 in Invocations
 18432 | Lair:2   | Found a staircase to the Swamp.
 18675 | Lair:2   | Found a staircase to the Snake Pit.
 19053 | Lair:2   | Noticed Erica
 19066 | Lair:2   | Killed Erica
 19300 | Lair:3   | Reached skill level 5 in Invocations
 19501 | Lair:3   | Found a dark tunnel.
 19507 | Volcano  | Entered a volcano
 19572 | Volcano  | Found a radiant altar of Vehumet.
 19576 | Volcano  | Received a gift from Okawaru
 19580 | Volcano  | Noticed a red draconian
 19825 | Volcano  | Killed a red draconian
 19825 | Volcano  | Reached skill level 6 in Invocations
 19835 | Volcano  | Reached skill level 10 in Axes
 19885 | Volcano  | Reached skill level 10 in Fighting
 20062 | Lair:3   | Noticed Nergalle
 20065 | Lair:3   | Killed Nergalle
 20065 | Lair:3   | Received a gift from Okawaru
 20065 | Lair:3   | Reached XP level 14. HP: 99/121 MP: 18/18
 21053 | Lair:4   | Reached skill level 20 in Bows
 21813 | Lair:5   | Found a glowing golden altar of the Shining One.
 22066 | Lair:5   | Reached skill level 7 in Armour
 22323 | Lair:6   | Entered Level 6 of the Lair of Beasts
 22448 | Lair:6   | Reached skill level 11 in Axes
 22682 | Lair:6   | Found a staircase to the Slime Pits.
 22743 | Lair:6   | Reached skill level 6 in Dodging
 22875 | Lair:6   | Received a gift from Okawaru
 22876 | Lair:6   | Got a faintly glowing scale mail {god gift}
 22898 | Lair:6   | Identified the +2 scale mail of Okawaru's Delight {MR+}
                  | (Okawaru gifted it to you on level 6 of the Lair of Beasts)
 23893 | D:11     | Killed Urug
 24056 | D:11     | Found a portal to a secret trove of treasure.
 24129 | D:11     | Reached skill level 12 in Axes
 24141 | D:11     | Noticed Gastronok
 24150 | D:11     | Killed Gastronok
 24441 | D:12     | Reached XP level 15. HP: 126/126 MP: 19/19
 24477 | D:12     | Found a gate leading to a gauntlet.
 24500 | Gauntlet | Entered a Gauntlet
 24500 | Gauntlet | Found a transporter.
 24500 | Gauntlet | Found a transporter.
 24504 | Gauntlet | Found a transporter.
 24506 | Gauntlet | Found a transporter.
 24514 | Gauntlet | Found a transporter.
 24518 | Gauntlet | Found a transporter.
 24528 | Gauntlet | Found a transporter.
 24529 | Gauntlet | Found the +0 pair of fencer's gloves {Riposte Dex+3}
 24545 | Gauntlet | Found a transporter.
 24562 | Gauntlet | Found a transporter.
 24566 | Gauntlet | Found a transporter.
 24578 | Gauntlet | Found a transporter.
 24580 | Gauntlet | Found a transporter.
 24964 | Gauntlet | Reached skill level 8 in Armour
 25014 | Gauntlet | Reached skill level 7 in Dodging
 25783 | D:13     | Received a gift from Okawaru
 25784 | D:13     | Got a transparent plate armour {god gift}
 25795 | D:13     | Identified the +3 plate armour of Temperance {Dex+3}
                  | (Okawaru gifted it to you on level 13 of the Dungeon)
 25916 | D:13     | Noticed Sonja
 25929 | D:13     | Killed Sonja
 26026 | D:13     | Noticed Azrael
 26041 | D:13     | Killed Azrael
 26265 | D:13     | Noticed Snorg
 26272 | D:13     | Killed Snorg
 26672 | D:14     | Reached skill level 13 in Axes
 26957 | D:14     | Found a gate to the Vaults.
 27450 | D:14     | Found an ancient bone altar of Kikubaaqudgha.
 27626 | D:15     | Entered Level 15 of the Dungeon
 27659 | D:15     | Received a gift from Okawaru
 27850 | D:15     | Reached skill level 11 in Fighting
 28299 | D:15     | Reached skill level 8 in Dodging
 28483 | D:15     | Found a staircase to the Depths.
 28983 | D:10     | Killed Fannar
 29022 | Orc:1    | Entered Level 1 of the Orcish Mines
 29044 | Orc:1    | Reached skill level 9 in Armour
 29112 | Orc:2    | Entered Level 2 of the Orcish Mines
 29196 | Orc:1    | Found a flagged portal.
 29205 | Bailey   | Entered a bailey
 29286 | Bailey   | Reached skill level 1 in Evocations
 29378 | Bailey   | Reached XP level 16. HP: 137/137 MP: 20/20
 29695 | Bailey   | Reached skill level 2 in Evocations
 29695 | Bailey   | Reached XP level 17. HP: 144/144 MP: 21/21
 29696 | Bailey   | Reached skill level 3 in Evocations
 29696 | Bailey   | Reached XP level 18. HP: 152/152 MP: 22/22
 29741 | Orc:1    | Found a roughly hewn altar of Beogh.
 30188 | Orc:2    | Found a staircase to the Elven Halls.
 30278 | Orc:2    | Received a gift from Okawaru
 30559 | Orc:2    | Reached skill level 4 in Evocations
 30867 | Orc:2    | Reached skill level 12 in Fighting
 31132 | Orc:2    | Found Zubb's Assorted Antiques.
 31132 | Orc:2    | Found Happyer's Jewellery Emporium.
 31134 | Orc:2    | Found Nevekio's Weapon Shoppe.
 31136 | Orc:2    | Found Ydourghyv's Antique Weapon Shop.
 31152 | Orc:2    | Bought the amulet of Wariness {Spirit rElec rC+} for 612
                  | gold pieces
 31169 | Orc:2    | Bought an iridescent lajatang for 560 gold pieces
 31169 | Orc:2    | Identified the cursed +2 lajatang "Ilicuugu" {vorpal, +Fly
                  | Int+2 Dex-2} (You bought it in a shop on level 2 of the
                  | Orcish Mines)
 31177 | Orc:2    | Bought an uncursed ring of protection from magic for 300
                  | gold pieces
 31343 | Swamp:1  | Entered Level 1 of the Swamp
 31511 | D:15     | Got an ichor-stained halberd {god gift}
 31512 | D:15     | Identified the +7 halberd "Lekot" {flame, +Rage MR+++ Str+3
                  | Int-5} (Okawaru gifted it to you on level 15 of the
                  | Dungeon)
 31834 | Swamp:1  | Reached skill level 9 in Dodging
 32685 | Swamp:2  | Reached skill level 5 in Evocations
 32906 | Swamp:2  | Reached skill level 10 in Armour
 33314 | Swamp:2  | Noticed a tentacled monstrosity
 33325 | Swamp:2  | Killed a tentacled monstrosity
 34260 | Swamp:3  | Received a gift from Okawaru
 34320 | Swamp:3  | Noticed Roxanne
 34405 | Swamp:3  | Noticed Kirke
 34422 | Swamp:3  | Killed Kirke
 34479 | Swamp:3  | Reached skill level 13 in Fighting
 34843 | Swamp:4  | Entered Level 4 of the Swamp
 34866 | Swamp:3  | Reached skill level 10 in Dodging
 35102 | Swamp:4  | Upgraded the game from 0.25-a0-545-ge4db218 to
                  | 0.25-a0-547-g27a0b5d
 35547 | Swamp:4  | Got a decaying rune of Zot
 36098 | Swamp:4  | Noticed Nikola
 36110 | Swamp:4  | Killed Nikola
 36110 | Swamp:4  | Reached XP level 19. HP: 130/165 MP: 18/23
 36261 | Swamp:3  | Reached skill level 11 in Armour
 36708 | D:8      | Killed jlumianski's ghost
 36783 | D:7      | Killed GummyLegsOfficial's ghost
 38303 | D:7      | Killed Jessica
 38563 | D:9      | Found a transporter.
 38696 | D:9      | Found a burning altar of Makhleb.
 38698 | D:9      | Found a radiant altar of Vehumet.
 38950 | D:9      | Found a staircase to the Lair.
 39368 | Snake:1  | Entered Level 1 of the Snake Pit
 39979 | Snake:1  | Reached skill level 14 in Fighting
 40580 | Snake:2  | Got an ancient lajatang
 40581 | Snake:2  | Identified the +7 lajatang of an ossuary {freeze, rPois
                  | Dex+6} (You found it on level 2 of the Snake Pit)
 40689 | Snake:2  | Received a gift from Okawaru
 40969 | Snake:2  | Received a gift from Okawaru
 41197 | Snake:2  | Reached skill level 11 in Dodging
 41206 | Snake:2  | Noticed Vashnia
 41244 | Snake:2  | Killed Vashnia
 41244 | Snake:2  | Reached skill level 14 in Axes
 41488 | Snake:2  | Received a gift from Okawaru
 41503 | Snake:2  | Got a bloodstained shortbow {god gift}
 41504 | Snake:2  | Identified the +7 shortbow "Tecw" {freeze, MR+} (Okawaru
                  | gifted it to you on level 2 of the Snake Pit)
 41604 | Snake:2  | Found Fusm's Food Shoppe.
 42212 | Snake:3  | Noticed Aizul
 42231 | Snake:3  | Killed Aizul
 42600 | Snake:4  | Entered Level 4 of the Snake Pit
 43059 | Snake:4  | Reached skill level 12 in Armour
 43078 | Snake:4  | Reached XP level 20. HP: 155/177 MP: 19/24
 43178 | Snake:4  | Received a gift from Okawaru
 43338 | Snake:4  | Reached skill level 15 in Fighting
 43563 | Snake:4  | Received a gift from Okawaru
 44357 | Snake:4  | Got a serpentine rune of Zot
 44699 | Vaults:1 | Entered Level 1 of the Vaults
 44859 | Vaults:1 | Got an ancient lajatang
 44860 | Vaults:1 | Identified the +8 lajatang "Newtslayer" {vamp, rC+ rN+
                  | Int+3} (You found it on level 1 of the Vaults)
 44900 | Vaults:1 | Reached skill level 1 in Staves
 44957 | Vaults:1 | Reached skill level 2 in Staves
 45073 | Vaults:1 | Reached skill level 3 in Staves
 45136 | Vaults:1 | Reached skill level 4 in Staves
 45248 | Vaults:1 | Received a gift from Okawaru
 45248 | Vaults:1 | Reached skill level 5 in Staves
 45320 | Vaults:1 | Received a gift from Okawaru
 45321 | Vaults:1 | Reached skill level 6 in Staves
 45327 | Vaults:1 | Got a warped halberd {god gift}
 45328 | Vaults:1 | Identified the +8 halberd of the Living Dead {vorpal,
                  | Dex+4} (Okawaru gifted it to you on level 1 of the Vaults)
 45601 | Vaults:1 | Reached skill level 7 in Staves
 45647 | Vaults:1 | Reached skill level 8 in Staves
 46265 | Vaults:1 | Found Nehistet's Weapon Shoppe.
 46464 | Vaults:2 | Reached skill level 9 in Staves
 46626 | Vaults:2 | Reached XP level 21. HP: 163/184 MP: 21/25
 46662 | Vaults:2 | Received a gift from Okawaru
 46663 | Vaults:2 | Got an ancient chain mail {god gift}
 46664 | Vaults:2 | Identified the +6 chain mail of Minor Irritation {MR+}
                  | (Okawaru gifted it to you on level 2 of the Vaults)
 47154 | Vaults:2 | Reached skill level 10 in Staves
 47481 | Vaults:2 | Reached skill level 11 in Staves
 47561 | Vaults:2 | Reached skill level 12 in Dodging
 48197 | Vaults:2 | Noticed Margery
 48661 | Vaults:2 | Received a gift from Okawaru
 49245 | Vaults:2 | Killed Margery
 49245 | Vaults:2 | Received a gift from Okawaru
 49610 | Vaults:3 | Received a gift from Okawaru
 50046 | Vaults:3 | Reached skill level 16 in Fighting
 50208 | Vaults:3 | Found a staircase to the Crypt.
 50407 | Vaults:3 | Received a gift from Okawaru
 50518 | Vaults:3 | Reached skill level 12 in Staves
 50518 | Vaults:3 | Reached skill level 13 in Armour
 51242 | Vaults:3 | Reached XP level 22. HP: 144/195 MP: 18/26
 51625 | Vaults:3 | Found a runed translucent gate.
 51625 | Vaults:3 | Found a runed translucent gate.
 51626 | Vaults:3 | Found a runed translucent gate.
 51829 | Vaults:3 | Noticed DizzySkin's ghost (veteran MiBe)
 51829 | Vaults:3 | Noticed mantisjm's ghost (veteran HOFi)
 51829 | Vaults:3 | Noticed Dutwesk's ghost (veteran CeHu)
 51910 | Vaults:3 | Killed Dutwesk's ghost
 52365 | Vaults:3 | Got a scorched cloak
 52367 | Vaults:3 | Got a warped helmet
 52542 | Vaults:2 | Identified the +2 cloak of the Wheelwright {Str+4 Int+4
                  | Dex+4} (You found it on level 3 of the Vaults)
 52552 | Vaults:2 | Identified the +2 helmet "Neru" {MR+ rCorr} (You found it
                  | on level 3 of the Vaults)
 52750 | Vaults:4 | Reached skill level 15 in Axes
 53144 | Vaults:4 | Got a shimmering pewter ring
 53146 | Vaults:4 | Identified the ring of Pantheism {+Inv rF+++ rN+ MR- SInv}
                  | (You found it on level 4 of the Vaults)
 53635 | Vaults:4 | Reached skill level 16 in Axes
 54308 | Depths:1 | Entered Level 1 of the Depths
 54381 | Depths:1 | Received a gift from Okawaru
 55100 | Depths:1 | Reached skill level 17 in Axes
 55139 | Depths:1 | Found a sparkling altar of Nemelex Xobeh.
 55325 | Depths:1 | You fall into a shaft and drop 1 floor!
 55516 | Depths:1 | Found a gateway to Hell.
 55692 | Depths:2 | Got a clouded silver ring
 55696 | Depths:2 | Identified the cursed ring "Tiqyodit" {rElec rF+ rC- MR+
                  | Int-6} (You found it on level 2 of the Depths)
 55721 | Depths:2 | Paralysed by a floating eye for 3 turns
 56084 | Depths:2 | Noticed Sojobo
 56104 | Depths:2 | Killed Sojobo
 56220 | Depths:2 | Noticed Saint Roka
 56243 | Depths:2 | Killed Saint Roka
 56243 | Depths:2 | Received a gift from Okawaru
 56243 | Depths:2 | Reached XP level 23. HP: 203/203 MP: 12/27
 56329 | Depths:2 | Reached skill level 13 in Dodging
 56407 | Depths:2 | Found an opulent altar of Gozag.
 56687 | Depths:2 | HP: 19/204 [deep troll (7)]
 57072 | Depths:2 | Noticed a caustic shrike
 57093 | Depths:2 | Killed a caustic shrike
 57268 | Depths:2 | Got an ancient lapis lazuli ring
 57270 | Depths:2 | Identified the ring of Kuoricou {rElec MR+ Str-3 Int+2
                  | SInv} (You found it on level 2 of the Depths)
 57390 | Depths:2 | Got a pitted steel ring
 57392 | Depths:2 | Identified the ring of Ivoept {Fire rN+++ MR- Int+2 Stlth+}
                  | (You found it on level 2 of the Depths)
 57407 | Depths:2 | Found a burning altar of Makhleb.
 57541 | Depths:3 | Noticed Mennas
 57764 | Elf:1    | Entered Level 1 of the Elven Halls
 57769 | Elf:1    | Noticed Frances
 57770 | Elf:1    | Reached skill level 17 in Fighting
 57784 | Elf:1    | Killed Frances
 57784 | Elf:1    | Reached skill level 18 in Axes
 57812 | Elf:1    | Noticed Donald
 57832 | Elf:1    | Killed Donald
 58153 | Elf:1    | Found Qen Ufexa's Distillery.
 58153 | Elf:1    | Found Cill's Assorted Antiques.
 58154 | Elf:1    | Found Upycaq's Distillery.
 58156 | Elf:1    | Found Celuck's Distillery.
 58158 | Elf:1    | Bought a potion of experience for 900 gold pieces
 58158 | Elf:1    | Bought a potion of might for 72 gold pieces
 58158 | Elf:1    | Bought a potion of might for 72 gold pieces
 58161 | Elf:1    | Bought 2 potions of heal wounds for 180 gold pieces
 58167 | Elf:1    | Bought a pair of twisted gloves for 351 gold pieces
 58177 | Elf:1    | Identified the +2 pair of gloves of Elitism {+Fly rPois
                  | Str+4 Dex+2} (You bought it in a shop on level 1 of the
                  | Elven Halls)
 58257 | Elf:1    | Received a gift from Okawaru
 58260 | Elf:1    | Got an iridescent quarterstaff {god gift}
 58261 | Elf:1    | Identified the +7 quarterstaff of Resourcefulness {elec,
                  | rN+} (Okawaru gifted it to you on level 1 of the Elven
                  | Halls)
 59007 | Elf:2    | Found a runed translucent gate.
 59007 | Elf:2    | Found a runed translucent gate.
 59008 | Elf:2    | Found a runed translucent gate.
 59085 | Elf:2    | Reached skill level 14 in Armour
 59152 | Elf:2    | Found Oduteocs's Food Emporium.
 59662 | Elf:2    | Received a gift from Okawaru
 59992 | Elf:3    | Entered Level 3 of the Elven Halls
 59992 | Elf:3    | Found Ettiloaq's Distillery.
 60001 | Elf:3    | Bought a potion of might for 44 gold pieces
 60013 | Elf:3    | Found Vanue's Weapon Shoppe.
 60086 | Elf:3    | Found Aduosiudeg's Magic Scroll Boutique.
 60113 | Elf:3    | Received a gift from Okawaru
 60194 | Elf:3    | Reached skill level 7 in Invocations
 60242 | Elf:3    | Reached XP level 24. HP: 214/214 MP: 17/28
 60274 | Elf:3    | Found Voani's Food Shoppe.
 60287 | Elf:3    | Found Tudwiurph's Jewellery Emporium.
 60295 | Elf:3    | Bought the ring "Nearr" {+Blink rElec rPois MR+ Stlth+} for
                  | 742 gold pieces
 61002 | Elf:3    | Identified the +5 short sword "Poacisk" {holy, rElec rC+
                  | Str+2}
 61177 | Elf:3    | Reached skill level 8 in Invocations
 61196 | Elf:3    | Identified the +7 flail of Contention {elec, Str+4}
 61399 | Elf:3    | Identified the +9 dagger "Kiwoesus" {vorpal, Fragile +Fly
                  | rElec MR++}
 61543 | Elf:3    | Reached skill level 18 in Fighting
 61543 | Elf:3    | Reached skill level 6 in Evocations
 61543 | Elf:3    | Reached XP level 25. HP: 224/224 MP: 29/29
 61872 | Elf:3    | Bought a scroll of brand weapon for 280 gold pieces
 62366 | Depths:3 | Received a gift from Okawaru
 62473 | Depths:3 | Found a one-way gate leading to the halls of Pandemonium.
 62546 | Depths:3 | Found Leydul's Jewellery Shop.
 62554 | Depths:3 | Reached skill level 9 in Invocations
 62556 | Depths:3 | Found Poagoez's Gadget Emporium.
 62559 | Depths:3 | Found Hunaurchaad's Jewellery Shop.
 63065 | Depths:3 | Reached skill level 7 in Evocations
 63119 | Depths:3 | Killed Mennas
 63420 | Depths:3 | Found a runed translucent door.
 63440 | Depths:3 | Found a runed translucent door.
 63499 | Depths:3 | Reached skill level 19 in Axes
 63600 | Depths:3 | Found a burning altar of Makhleb.
 63627 | Depths:3 | Found the +9 staff of Wucad Mu {channel}
 63932 | Depths:3 | Got a jewelled chain mail
 63933 | Depths:3 | Identified the +8 chain mail of the Cuttlefish {Int+4
                  | Dex+4} (You found it on level 3 of the Depths)
 64395 | Depths:4 | Reached skill level 8 in Evocations
 64658 | Depths:4 | Noticed an ancient lich
 64679 | Depths:4 | Killed an ancient lich
 64683 | Depths:4 | Noticed Mara
 64693 | Depths:4 | Reached skill level 19 in Fighting
 64693 | Depths:4 | Reached skill level 9 in Evocations
 64693 | Depths:4 | Reached XP level 26. HP: 146/236 MP: 25/29
 64695 | Depths:4 | Noticed araganzar's illusion
 64761 | Depths:4 | Noticed araganzar's illusion
 64769 | Depths:4 | Killed Mara
 64769 | Depths:4 | Received a gift from Okawaru
 65039 | Depths:4 | Noticed Boris
 65052 | Depths:4 | Killed Boris
 65078 | Depths:4 | Received a gift from Okawaru
 65210 | Depths:4 | Identified a scroll of acquirement
 65219 | Depths:4 | Reached skill level 20 in Fighting
 65814 | Depths:5 | Entered Level 5 of the Depths
 65826 | Depths:5 | Reached skill level 14 in Dodging
 66146 | Depths:5 | Found a gate to the Realm of Zot.
 66746 | Depths:5 | Reached skill level 10 in Evocations
 66750 | Depths:5 | Received a gift from Okawaru
 66846 | Depths:5 | Found a gateway to a ziggurat.
 67562 | Depths:3 | Bought the ring "Feleazaz" {rC+ rN+ Str+3 SInv} for 700
                  | gold pieces
 67882 | Vaults:5 | Entered Level 5 of the Vaults
 67919 | Vaults:5 | Reached skill level 15 in Armour
 67922 | Vaults:5 | Reached XP level 27. HP: 248/248 MP: 27/31
 67961 | Vaults:5 | Received a gift from Okawaru
 67986 | Vaults:5 | Reached skill level 11 in Evocations
 68078 | Vaults:5 | Received a gift from Okawaru
 68304 | Vaults:5 | Received a gift from Okawaru
 68320 | Vaults:5 | Identified the Collected Works on Transmutation and Flight
 68336 | Vaults:5 | Got a silver rune of Zot
 68338 | Vaults:5 | Identified the Grimoire of Clay and Venom
 68366 | Vaults:5 | Reached skill level 21 in Fighting
 68380 | Vaults:5 | Reached skill level 15 in Dodging
 68399 | Vaults:5 | Noticed an ancient lich
 68417 | Vaults:5 | Killed an ancient lich
 68465 | Vaults:5 | Received a gift from Okawaru
 68629 | Vaults:5 | Identified the cursed +0 mace of Discomfort {vorpal, +Fly
                  | rElec rC- Str+5}
 68637 | Vaults:5 | Received a gift from Okawaru
 68642 | Vaults:5 | Got a brightly glowing centaur barding {god gift}
 68678 | Vaults:5 | Identified the +0 centaur barding of Kasesuss {MR+}
                  | (Okawaru gifted it to you on level 5 of the Vaults)
 68775 | Vaults:5 | Reached skill level 12 in Evocations
 69454 | Crypt:1  | Entered Level 1 of the Crypt
 69621 | Crypt:1  | Found a magical portal.
 69783 | WizLab   | Identified the Handbook of Transmutation
 69786 | WizLab   | Identified the Incunabulum of Moulding
 69788 | WizLab   | Identified Cigotuvi's Papyrus of Transmigration and Unholy
                  | Magic
 70067 | WizLab   | Got a flickering turquoise ring
 70077 | WizLab   | Identified the ring of Xom's Passing Interest {*Slow rElec
                  | rF+ Str+2 Dex+4} (You found it in a wizard's laboratory)
 70101 | WizLab   | Paralysed by a floating eye for 2 turns
 70109 | WizLab   | Paralysed by a floating eye for 3 turns
 70121 | WizLab   | Paralysed by a floating eye for 2 turns
 70404 | Crypt:1  | Received a gift from Okawaru
 70512 | Crypt:1  | Noticed Jory
 70528 | Crypt:1  | Killed Jory
 70534 | Crypt:1  | Received a gift from Okawaru
 70543 | Crypt:1  | Reached skill level 16 in Armour
 71712 | Crypt:2  | Received a gift from Okawaru
 71713 | Crypt:2  | Got a scorched chain mail {god gift}
 71714 | Crypt:2  | Identified the +10 chain mail of Safow {rElec rN+++ MP+9
                  | Dex-4} (Okawaru gifted it to you on level 2 of the Crypt)
 71775 | Crypt:2  | Reached skill level 13 in Evocations
 72457 | Crypt:2  | Reached skill level 1 in Throwing
 72541 | Crypt:3  | Entered Level 3 of the Crypt
 72595 | Crypt:3  | Reached skill level 22 in Fighting
 72646 | Crypt:3  | Reached skill level 16 in Dodging
 72649 | Crypt:3  | Reached skill level 2 in Throwing
 72651 | Crypt:3  | Found an ancient bone altar of Kikubaaqudgha.
 72812 | Crypt:3  | Reached skill level 3 in Throwing
 73107 | Crypt:3  | Gained mutation: You have supernaturally acute eyesight.
                  | (SInv) [potion of mutation]
 73107 | Crypt:3  | Gained mutation: You are weak. (Str -2) [potion of
                  | mutation]
 73107 | Crypt:3  | Gained mutation: You are resistant to electric shocks.
                  | (rElec) [potion of mutation]
 73108 | Crypt:3  | Lost mutation: You are weak. (Str -2) [potion of mutation]
 73108 | Crypt:3  | Lost mutation: You are resistant to electric shocks.
                  | (rElec) [potion of mutation]
 73108 | Crypt:3  | Lost mutation: You have supernaturally acute eyesight.
                  | (SInv) [potion of mutation]
 73108 | Crypt:3  | Gained mutation: Your muscles are strong. (Str +2) [potion
                  | of mutation]
 73108 | Crypt:3  | Gained mutation: You are partially covered in molten
                  | scales. (AC +2) [potion of mutation]
 73109 | Crypt:3  | Lost mutation: You are partially covered in molten scales.
                  | (AC +2) [potion of mutation]
 73109 | Crypt:3  | Lost mutation: Your muscles are strong. (Str +2) [potion of
                  | mutation]
 73109 | Crypt:3  | Gained mutation: You are weak. (Str -2) [potion of
                  | mutation]
 73109 | Crypt:3  | Gained mutation: Your mind is acute. (Int +2) [potion of
                  | mutation]
 73110 | Crypt:3  | Lost mutation: You are weak. (Str -2) [potion of mutation]
 73110 | Crypt:3  | Lost mutation: Your mind is acute. (Int +2) [potion of
                  | mutation]
 73110 | Crypt:3  | Gained mutation: Your natural rate of healing is unusually
                  | fast. [potion of mutation]
 73110 | Crypt:3  | Gained mutation: You are resistant to electric shocks.
                  | (rElec) [potion of mutation]
 73110 | Crypt:3  | Gained mutation: Your spells are a little harder to cast,
                  | but a little more powerful. [potion of mutation]
 73235 | Crypt:3  | Identified the +9 glaive of Seuh {protect, rElec rN+ Str-5
                  | Dex+7} (You found it on level 3 of the Crypt)
 73365 | Crypt:3  | Reached skill level 4 in Throwing
 73497 | Crypt:3  | Received a gift from Okawaru
 73573 | Crypt:3  | Found a staircase to the Tomb.
 73573 | Crypt:3  | Noticed an ancient lich
 73576 | Crypt:3  | Found the +4 dagger "Morg" {pain, MR+ Int+5}
 73577 | Crypt:3  | Cast into level 5 of the Abyss (an ancient lich)
 73577 | Abyss:5  | Entered Level 5 of the Abyss
 73584 | Abyss:5  | Got a pitted amber ring
 73641 | Abyss:5  | Found a corrupted altar of Lugonu.
 73659 | Abyss:5  | Got an abyssal rune of Zot
 73662 | Abyss:5  | Received a gift from Okawaru
 73662 | Abyss:5  | Reached skill level 5 in Throwing
 73680 | Crypt:3  | Escaped the Abyss
 73685 | Crypt:3  | Killed an ancient lich
 73792 | Crypt:3  | Reached skill level 14 in Evocations
 73888 | Crypt:3  | Received a gift from Okawaru
 74022 | Crypt:3  | Identified the ring of Mera {rElec rCorr Int+7} (You found
                  | it on level 5 of the Abyss)
 74576 | D:11     | You showed the abyssal rune of Zot to enter a treasure
                  | trove
 74577 | Trove    | Entered a treasure trove
 74823 | Depths:3 | Bought the amulet of the Invisible Beds {Spirit *Corrode
                  | rF++ MR+ Slay+3} for 1006 gold pieces
 74893 | Depths:3 | Bought a cursed +4 ring of protection for 627 gold pieces
 75237 | Slime:1  | Entered Level 1 of the Pits of Slime
 75258 | Slime:2  | Gained mutation: You are dopey. (Int -2) [a shining eye]
 75287 | Slime:4  | Reached skill level 6 in Throwing
 75293 | Slime:4  | Gained mutation: You are very dopey. (Int -4) [a shining
                  | eye]
 75327 | Slime:4  | Received a gift from Okawaru
 75330 | Slime:4  | Gained mutation: Your body sometimes deteriorates upon
                  | taking damage. [a shining eye]
 75387 | Slime:5  | Entered Level 5 of the Pits of Slime
 75427 | Slime:5  | Received a gift from Okawaru
 75439 | Slime:5  | Found a viscous altar of Jiyva.
 75440 | Slime:5  | Noticed the Royal Jelly
 75458 | Slime:5  | Killed the Royal Jelly
 75458 | Slime:5  | Received a gift from Okawaru
 75458 | Slime:5  | Reached skill level 7 in Throwing
 75458 | Slime:5  | Reached skill level 15 in Evocations
 75507 | Slime:5  | Gained mutation: Scrolls take you a little longer to read.
                  | [a shining eye]
 75520 | Slime:5  | Got a slimy executioner's axe {god gift}
 75538 | Slime:5  | Lost mutation: You are resistant to electric shocks.
                  | (rElec) [potion of mutation]
 75538 | Slime:5  | Lost mutation: You are very dopey. (Int -4) [potion of
                  | mutation]
 75538 | Slime:5  | Lost mutation: Your natural rate of healing is unusually
                  | fast. [potion of mutation]
 75538 | Slime:5  | Gained mutation: You are frail. (-10% HP) [potion of
                  | mutation]
 75538 | Slime:5  | Gained mutation: Your body often deteriorates upon taking
                  | damage. [potion of mutation]
 75538 | Slime:5  | Gained mutation: Your spells are harder to cast, but more
                  | powerful. [potion of mutation]
 75539 | Slime:5  | Lost mutation: Your spells are harder to cast, but more
                  | powerful. [potion of mutation]
 75539 | Slime:5  | Lost mutation: Your body often deteriorates upon taking
                  | damage. [potion of mutation]
 75539 | Slime:5  | Gained mutation: You expend magic power (3 MP) to
                  | strengthen your wands. [potion of mutation]
 75539 | Slime:5  | Lost mutation: You are frail. (-10% HP) [potion of
                  | mutation]
 75540 | Slime:5  | Lost mutation: Your body sometimes deteriorates upon taking
                  | damage. [potion of mutation]
 75540 | Slime:5  | Lost mutation: You are dopey. (Int -2) [potion of mutation]
 75540 | Slime:5  | Lost mutation: You expend magic power (3 MP) to strengthen
                  | your wands. [potion of mutation]
 75540 | Slime:5  | Gained mutation: You have an increased reservoir of magic.
                  | (+10% MP) [potion of mutation]
 75540 | Slime:5  | Gained mutation: You occasionally shout uncontrollably at
                  | your foes. [potion of mutation]
 75540 | Slime:5  | Gained mutation: You are clumsy. (Dex -2) [potion of
                  | mutation]
 75540 | Slime:5  | Gained mutation: Your spells are harder to cast, but more
                  | powerful. [potion of mutation]
 75541 | Slime:5  | Lost mutation: Scrolls take you a little longer to read.
                  | [potion of mutation]
 75541 | Slime:5  | Lost mutation: You are clumsy. (Dex -2) [potion of
                  | mutation]
 75541 | Slime:5  | Gained mutation: Your muscles are strong. (Str +2) [potion
                  | of mutation]
 75541 | Slime:5  | Lost mutation: Your spells are harder to cast, but more
                  | powerful. [potion of mutation]
 75541 | Slime:5  | Gained mutation: Your mind is acute. (Int +2) [potion of
                  | mutation]
 75562 | Slime:5  | Got a fabulously ornate robe
 75568 | Slime:5  | Identified the Grimoire of the Traveller and Flight
 75581 | Slime:5  | Got a scorched scale mail
 75582 | Slime:5  | Identified the cursed +1 scale mail of Kuggan {rN++} (You
                  | found it on level 5 of the Pits of Slime)
 75583 | Slime:5  | Identified the +0 executioner's axe of Okawaru's Supremacy
                  | {elec, -Tele rPois MP+9} (Okawaru gifted it to you on level
                  | 5 of the Pits of Slime)
 75618 | Slime:5  | Identified Pilluw's Reference Book on Contamination and
                  | Good Luck
 75663 | Slime:5  | Got a slimy rune of Zot
 76160 | Zot:1    | Entered Level 1 of the Realm of Zot
 76182 | Zot:1    | Reached skill level 17 in Armour
 76280 | Zot:1    | Reached skill level 18 in Armour
 76348 | Zot:1    | Received a gift from Okawaru
 76669 | Zot:1    | Received a gift from Okawaru
 76764 | Zot:1    | Noticed an ancient lich
 76771 | Zot:1    | Killed an ancient lich
 76771 | Zot:1    | Received a gift from Okawaru
 76771 | Zot:1    | Reached skill level 19 in Armour
 76944 | Zot:1    | Reached skill level 16 in Evocations
 77323 | Zot:2    | Reached skill level 17 in Evocations
 77487 | Zot:2    | Reached skill level 18 in Evocations
 77753 | Zot:2    | Identified the +2 shortbow of the Fox {venom, Fragile Str+3
                  | Int+4 Dex+5} (You acquired it on level 2 of the Realm of
                  | Zot)
 78467 | Zot:3    | Received a gift from Okawaru
 78468 | Zot:3    | Got a jewelled shortbow {god gift}
 78469 | Zot:3    | Identified the +2 shortbow of Buovew {flame, +Fly rPois
                  | Str+3} (Okawaru gifted it to you on level 3 of the Realm of
                  | Zot)
 78571 | Zot:3    | You fall into a shaft and drop 1 floor!
 78609 | Zot:3    | Reached skill level 23 in Fighting
 79077 | Zot:3    | Identified the +8 broad axe "Vuas" {freeze, Dex+4} (You
                  | found it on level 3 of the Realm of Zot)
 79412 | Zot:4    | Reached skill level 24 in Fighting
 79431 | Zot:4    | Received a gift from Okawaru
 80104 | Zot:5    | Entered Level 5 of the Realm of Zot
 80406 | Zot:5    | Reached skill level 17 in Dodging
 80481 | Zot:5    | Reached skill level 25 in Fighting
 80800 | Zot:5    | Received a gift from Okawaru
 80810 | Zot:5    | Noticed an ancient lich
 80815 | Zot:5    | Noticed an orb of fire
 80816 | Zot:5    | Gained mutation: Your spells are harder to cast, but more
                  | powerful. [an orb of fire]
 80817 | Zot:5    | Noticed an orb of fire
 80817 | Zot:5    | Noticed an ancient lich
 80817 | Zot:5    | Noticed an orb of fire
 80817 | Zot:5    | Noticed an orb of fire
 80817 | Zot:5    | Noticed an ancient lich
 80817 | Zot:5    | Noticed an ancient lich
 80827 | Zot:5    | Killed an ancient lich
 80827 | Zot:5    | Received a gift from Okawaru
 80830 | Zot:5    | Killed an orb of fire
 80832 | Zot:5    | Noticed an orb of fire
 80835 | Zot:5    | Gained mutation: You sometimes yell uncontrollably at your
                  | foes. [an orb of fire]
 80837 | Zot:5    | Gained mutation: Your body sometimes deteriorates upon
                  | taking damage. [an orb of fire]
 80845 | Zot:5    | Killed an orb of fire
 80845 | Zot:5    | Reached skill level 18 in Dodging
 80845 | Zot:5    | Killed an orb of fire
 80845 | Zot:5    | Received a gift from Okawaru
 80846 | Zot:5    | Noticed an ancient lich
 80846 | Zot:5    | Noticed an ancient lich
 80850 | Zot:5    | Noticed an orb of fire
 80852 | Zot:5    | Killed an ancient lich
 80858 | Zot:5    | Killed an orb of fire
 80871 | Zot:5    | Killed an orb of fire
 80875 | Zot:5    | Killed an ancient lich
 80893 | Zot:5    | Reached skill level 19 in Dodging
 80896 | Zot:5    | Noticed an ancient lich
 80899 | Zot:5    | Noticed an ancient lich
 80905 | Zot:5    | Killed an ancient lich
 80907 | Zot:5    | Killed an ancient lich
 80907 | Zot:5    | Noticed an orb of fire
 80908 | Zot:5    | Received a gift from Okawaru
 80910 | Zot:5    | Gained mutation: You are clumsy. (Dex -2) [an orb of fire]
 80926 | Zot:5    | Killed an orb of fire
 80944 | Zot:5    | Killed an orb of fire
 80953 | Zot:5    | Reached skill level 26 in Fighting
 81001 | Zot:5    | Killed an ancient lich
 81065 | Zot:5    | Got the Orb of Zot
 81228 | Zot:2    | Received a gift from Okawaru
 81369 | Depths:1 | Noticed Rios the pandemonium lord
 81379 | Depths:1 | Killed Rios the pandemonium lord
 81741 | D:$      | Escaped with the Orb!

Vanquished Creatures
  the Royal Jelly (Slime:5)
  Mara (Depths:4)
  A pandemonium lord (Depths:1)
  7 orbs of fire (Zot:5)
  Mennas (Depths:3)
  9 ancient liches
  Sojobo (Depths:2)
  Saint Roka (Depths:2)
  Vashnia (Snake:2)
  Boris (Depths:4)
  Margery (Vaults:2)
  2 curse toes
  2 Killer Klowns (Zot:5)
  The ghost of Dutwesk the Markscentaur, a veteran CeHu of Okawaru (Vaults:3)
  5 caustic shrikes
  Nikola (Swamp:4)
  Jory (Crypt:1)
  A bone dragon (Crypt:3)
  A profane servitor (Crypt:3)
  14 golden dragons
  A mutant beast (WizLab)
  A Brimstone Fiend (D:8)
  2 hellephants (Abyss:5)
  4 electric golems
  15 liches
  A Hell Sentinel (Depths:1)
  26 tentacled monstrosities
  26 Orb Guardians
  4 quicksilver dragons
  3 deep elf blademasters
  13 acid blobs
  8 titans
  2 deep elf master archers (Elf:3)
  11 death cobs
  An Executioner (Zot:2)
  2 ancient champions
  Frances (Elf:1)
  10 sphinxes
  Gastronok (D:11)
  Kirke (Swamp:3)
  2 draconian monks
  20 fire giants
  20 storm dragons
  Donald (Elf:1)
  4 thorn hunters
  4 tengu reavers
  13 shadow dragons
  4 azure jellies (Slime:5)
  2 revenants
  12 nagarajas
  20 vault wardens
  6 deep elf sorcerers
  15 frost giants
  5 draconian knights
  An iron dragon (Depths:2)
  2 ghost moths
  A cacodemon (D:14)
  Aizul (Snake:3)
  3 draconian scorchers (Zot:1)
  An orc warlord (Bailey)
  A caustic shrike zombie (Depths:3)
  6 draconian stormcallers
  8 draconian shifters
  3 balrugs
  7 ghouls
  4 draconian annihilators
  17 ironheart preservers
  4 deep elf elementalists
  A juggernaut zombie (Crypt:1)
  A reaper (Depths:1)
  3 spriggan defenders
  3 war gargoyles (Vaults:5)
  7 vampire knights
  8 green draconians
  An entropy weaver (Vaults:2)
  Azrael (D:13)
  32 stone giants
  33 very ugly things
  8 deep elf demonologists
  11 red draconians
  8 deep elf annihilators
  8 black draconians
  7 purple draconians
  Snorg (D:13)
  11 white draconians
  12 yellow draconians
  4 dire elephants (Abyss:5)
  A lorocyproca (Depths:3)
  3 spark wasps
  A minotaur (Gauntlet)
  3 eidola
  24 ettins
  27 jiangshi
  2 blizzard demons (Depths:3)
  A merfolk javelineer (Depths:3)
  10 yaktaur captains
  8 deep elf death magi
  19 fire dragons
  12 death oozes
  3 rakshasas (Depths:2)
  Fannar (D:10)
  11 hydras
  A quicksilver dragon skeleton (Crypt:1)
  35 vault guards
  13 great orbs of eyes
  15 naga warriors
  6 deep elf high priests
  11 ice dragons
  2 monstrous demonspawn (D:4)
  2 ghost crabs (Swamp:3)
  3 spriggan air magi
  3 catoblepae (Lair:6)
  13 anacondas
  2 shambling mangroves
  17 centaur warriors
  50 two-headed ogres
  14 alligators
  6 death knights
  25 dancing weapons
  Erica (Lair:2)
  The ghost of jlumianski the Slicer, a journeyman KoBe of Trog (D:8)
  6 tengu warriors
  17 ogre magi
  A two-headed ogre (shapeshifter) (WizLab)
  A queen ant (D:7)
  Urug (D:11)
  9 deep troll earth magi
  21 naga sharpshooters
  4 thrashing horrors (Abyss:5)
  8 vampire magi
  2 death scarabs (Gauntlet)
  13 deep troll shamans
  5 death yaks (Lair:6)
  2 orc high priests
  3 sun demons
  33 deep elf knights
  18 hell knights
  7 spriggan berserkers
  2 soul eaters
  An iron golem (WizLab)
  A shock serpent (shapeshifter) (Vaults:1)
  Sonja (D:13)
  A storm dragon zombie (Crypt:1)
  4 shock serpents
  A storm dragon skeleton (Crypt:2)
  The ghost of GummyLegsOfficial the Archer, a novice CeHu (D:7)
  A spatial maelstrom (Abyss:5)
  3 salamander mystics
  15 iron trolls
  Nergalle (Lair:3)
  4 shadow wraiths
  2 sixfirhies
  37 skeletal warriors
  A fire crab (shapeshifter) (WizLab)
  8 sea snakes (Snake:4)
  2 spriggan druids (Swamp:2)
  A ghost moth zombie (Crypt:2)
  42 deep trolls
  An unseen horror (shapeshifter) (Vaults:5)
  An orange crystal statue (D:9)
  A golden dragon zombie (Depths:3)
  6 unseen horrors
  5 swamp dragons
  13 large abominations
  5 naga ritualists
  31 deep elf archers
  A glowing orange brain (shapeshifter) (Vaults:5)
  10 flayed ghosts
  A glowing orange brain (Vaults:1)
  2 spectral hydras (Gauntlet)
  An infernal demonspawn (Depths:3)
  9 wizards
  18 ironbrand convokers
  14 phantasmal warriors
  2 orb spiders (shapeshifter)
  A harpy (shapeshifter) (WizLab)
  A sphinx zombie (Crypt:2)
  A lindwurm (shapeshifter) (Vaults:2)
  Pikel (D:4)
  16 orc knights
  6 harpies
  16 necromancers
  3 oklob plants (Lair:3)
  8 mana vipers
  A spectral ice dragon (Crypt:3)
  10 salamanders
  61 deep elf magi
  5 shining eyes
  4 orc sorcerers
  25 ugly things
  4 wolf spiders
  10 cyclopes
  A fire giant zombie (Crypt:1)
  4 manticores
  A manticore (shapeshifter) (WizLab)
  31 moths of wrath
  3 centaur zombies (D:14)
  17 vault sentinels
  A guardian serpent (shapeshifter) (WizLab)
  An ice statue (IceCv)
  4 guardian serpents
  2 eyes of devastation
  16 naga magi
  11 elephants
  A spectral shock serpent (Crypt:3)
  2 smoke demons (Abyss:5)
  46 black mambas
  15 spiny frogs
  An orange demon (Depths:3)
  A gargoyle (D:13)
  4 spiny frogs (shapeshifter)
  A black draconian zombie (Crypt:2)
  3 efreet
  A rime drake (shapeshifter) (WizLab)
  10 komodo dragons
  5 kobold demonologists
  8 rime drakes
  29 yaktaurs
  A demonic crawler (Lair:6)
  3 hellwings (Depths:3)
  An ice devil (Depths:3)
  2 komodo dragons (shapeshifter) (WizLab)
  3 yaktaurs (shapeshifter)
  A purple draconian skeleton (Crypt:2)
  15 freezing wraiths
  3 tengu conjurers
  4 trolls (shapeshifter)
  A red devil (Depths:3)
  A queen bee (D:9)
  A queen bee (shapeshifter) (Vaults:2)
  12 trolls
  6 tyrant leeches
  A harpy zombie (Crypt:2)
  A meliai (shapeshifter) (WizLab)
  17 polar bears (IceCv)
  2 polar bears (shapeshifter)
  8 bog bodies
  A wolf spider simulacrum (Crypt:2)
  A snapping turtle (shapeshifter) (Depths:3)
  A moth of wrath zombie (Crypt:2)
  14 hornets
  52 slime creatures
  A tarantella zombie (Crypt:1)
  A raiju (Gauntlet)
  22 blink frogs
  17 small abominations
  2 frost giant simulacra
  A dream sheep (shapeshifter) (D:15)
  9 hippogriffs
  An ettin zombie (Crypt:2)
  A human simulacrum (Vaults:3)
  2 hippogriffs (shapeshifter) (WizLab)
  3 ettin skeletons
  14 water elementals
  3 air elementals
  5 shadows
  5 wyverns
  47 flying skulls (Crypt:3)
  10 spriggans
  A tarantella (shapeshifter) (WizLab)
  74 yaks
  4 yaks (shapeshifter)
  A spriggan (shapeshifter) (WizLab)
  7 wraiths
  2 vampires
  A spectral komodo dragon (Gauntlet)
  A spriggan simulacrum (Depths:3)
  5 hogs (Swamp:3)
  A human (shapeshifter) (WizLab)
  6 golden eyes (Slime:3)
  4 hungry ghosts
  4 fire elementals
  A redback simulacrum (D:14)
  A steam dragon (Gauntlet)
  12 vampire mosquitoes
  5 swamp worm simulacra (Swamp:4)
  3 neqoxecs
  Menkaure (D:5)
  25 swamp worms
  54 nagas
  4 spatial vortices (Abyss:5)
  10 wargs
  21 soldier ants
  14 hydra simulacra (Swamp:4)
  10 insubstantial wisps
  Edmund (D:5)
  5 acid dragons
  4 hell hounds (D:13)
  12 water moccasins
  A water nymph zombie (Crypt:2)
  2 soldier ants (shapeshifter)
  7 floating eyes
  9 porcupines
  70 orc warriors
  2 swamp drakes (Swamp:4)
  3 sky beasts
  3 black bears
  An ice dragon simulacrum (Crypt:2)
  2 black bears (shapeshifter) (WizLab)
  A tengu (shapeshifter) (WizLab)
  5 eyes of draining
  8 necrophages
  2 phantoms
  A snapping turtle zombie (Crypt:1)
  7 ice beasts
  A dream sheep zombie (Crypt:1)
  A hornet zombie (D:15)
  58 ogres
  8 boggarts
  A wolf (shapeshifter) (Depths:2)
  14 crocodiles
  13 wolves
  15 centaurs
  A blink frog skeleton (Crypt:1)
  10 big kobolds
  An elf zombie (D:14)
  Blork the orc (D:5)
  A gnoll sergeant (D:11)
  3 earth elementals (Elf:2)
  16 bullfrogs
  A cyclops zombie (Crypt:2)
  A deep troll simulacrum (Vaults:3)
  A water moccasin zombie (D:10)
  A queen bee zombie (Crypt:2)
  3 scorpions
  A snapping turtle simulacrum (Crypt:3)
  A troll zombie (D:14)
  32 killer bees
  A troll skeleton (Crypt:1)
  4 electric eels (Elf:3)
  6 wights
  9 howler monkeys
  A bullfrog zombie (D:9)
  6 crimson imps
  4 quasits
  Crazy Yiuf (D:5)
  3 centaur skeletons
  3 hounds
  21 jellies
  19 orc priests
  3 bullfrog skeletons
  An iron imp (Depths:3)
  21 orc wizards
  3 human zombies (D:14)
  Jessica (D:7)
  5 iguanas
  26 worker ants
  A felid zombie (Crypt:1)
  A naga skeleton (Crypt:1)
  A deep dwarf skeleton (Crypt:1)
  2 hound zombies
  2 mummies (D:14)
  A worker ant zombie (D:11)
  28 gnolls
  11 adders
  4 shadow imps
  A white imp (Vaults:4)
  3 swamp drake simulacra (Swamp:4)
  10 oozes
  An adder skeleton (D:5)
  An adder zombie (D:5)
  A worm (shapeshifter) (Vaults:5)
  4 worms
  A dart slug (D:1)
  8 leopard geckos
  108 orcs
  7 bats
  14 giant cockroaches
  31 goblins
  16 hobgoblins
  3 jackals (D:5)
  9 quokkas
  9 frilled lizards
  A giant cockroach zombie (D:6)
  A jackal skeleton (D:4)
  11 kobolds
  An orc zombie (D:14)
  A quokka skeleton (D:5)
  A quokka zombie (D:5)
  10 rats
  2 crawling corpses (Vaults:5)
  2 fungi (Lair:4)
  2 plants (Lair:6)
3019 creatures vanquished.

Vanquished Creatures (others)
  An ancient lich (Depths:4)
  A thorn hunter (Swamp:4)
  A tengu reaver (Depths:2)
  A draconian shifter (Zot:4)
  A thrashing horror (Abyss:5)
  A deep elf knight (Elf:2)
  2 necromancers
  4 deep elf magi (Elf:1)
  A yaktaur (Depths:2)
  A hornet (Swamp:2)
  A spriggan (Depths:4)
  A swamp worm (Swamp:4)
  A swamp drake (Swamp:4)
  A hound (D:11)
  10 fungi
  12 plants
  A withered plant (Vaults:3)
41 creatures vanquished.

Grand Total: 3060 creatures vanquished
